 Dungeon Crawl Stone Soup version 0.22-a0-858-g985ef60 (webtiles) character file.

14514 torrenera the Arsonist (level 11, -5/83 HPs)
             Began as a Demigod Fire Elementalist on July 27, 2018.
             Shot with an arrow by a tengu warrior (19 damage)
             ... on level 11 of the Dungeon.
             The game lasted 00:47:13 (12703 turns).

torrenera the Arsonist (Demigod Fire Elementalist) Turns: 12703, Time: 00:47:14

Health: -5/83      AC: 11    Str: 11    XL:     11   Next: 59%
Magic:  24/36      EV: 12    Int: 25    God:
Gold:   746        SH:  0    Dex: 16    Spells: 13/26 levels left

rFire    . . .     SeeInvis .   a - +3 hand axe "Roh Edoampeo" {chop, MP+9 Stlth+}
rCold    . . .     Gourm    .   (no shield)
rNeg     + . .     Faith    .   h - +1 robe {rN+}
rPois    .         Spirit   .   B - +2 helmet
rElec    .         Reflect  .   (no cloak)
rCorr    .         Harm     .   X - +1 pair of gloves
MR       +....                  t - +2 pair of boots of the Assassin {Detection Stab+ Stlth++}
Stlth    +++++.....             f - amulet of regeneration
HPRegen  0.63/turn              L - ring of flight
MPRegen  0.25/turn              (no ring)

@: about to teleport, very slightly contaminated
A: high mp 1
a: Evoke Flight


You were on level 11 of the Dungeon.
You were not hungry.

You visited 1 branch of the dungeon, and saw 11 of its levels.

You collected 746 gold pieces.

Inventory:

Hand Weapons
 a - the +3 hand axe "Roh Edoampeo" (weapon) {chop, MP+9 Stlth+}
   (You took it off a kobold on level 7 of the Dungeon)

   It inflicts extra damage upon your enemies.
   It affects your magic capacity (+9).
   It makes you more stealthy.
 b - a +0 hunting sling
 P - a +1 trident of venom
 W - a +0 scimitar of flaming
Missiles
 j - 270 stones (quivered)
 r - 57 sling bullets
 E - 5 javelins of returning
 S - 27 poisoned needles
 U - 3 needles of confusion
Armour
 h - a +1 robe of positive energy (worn)
 t - the +2 pair of boots of the Assassin (worn) {Detection Stab+ Stlth++}
   (You found it on level 7 of the Dungeon)

   It makes you much more stealthy.
 B - a +2 helmet (worn)
 X - a +1 pair of gloves (worn)
Jewellery
 f - an amulet of regeneration (around neck)
 s - an uncursed amulet of the acrobat
 D - a +2 amulet of reflection
 L - a ring of flight (left hand)
Wands
 k - a wand of digging (14)
 l - a wand of acid (9)
 o - a wand of paralysis (6)
 q - a wand of enslavement (6)
 C - a wand of flame (17)
Scrolls
 e - 2 scrolls of fog
 g - a scroll of random uselessness {unknown}
 i - 3 scrolls of remove curse
 w - a scroll of enchant weapon {unknown}
 y - a scroll of magic mapping
 N - a scroll of fear {unknown}
 R - a scroll of enchant armour {unknown}
 V - a scroll of brand weapon {unknown}
 Z - a scroll of silence {unknown}
Potions
 d - a potion of cancellation
 n - a potion of heal wounds {unknown}
 x - 2 potions of flight
 z - a potion of berserk rage {unknown}
 A - a potion of invisibility {unknown}
 F - 2 potions of haste
 G - 3 potions of lignification
 H - a potion of curing
 I - a potion of agility {unknown}
 M - 2 potions of magic
 Q - a potion of brilliance {unknown}
 T - 2 potions of resistance
Miscellaneous
 K - a phial of floods (inert)
Comestibles
 c - 17 rations
 Y - 7 chunks of flesh


   Skills:
 + Level 3.7 Fighting
 - Level 1.7 Dodging
 - Level 1.7 Stealth
 - Level 8.0 Spellcasting
 - Level 8.3 Conjurations
 - Level 12.7 Fire Magic


You had 13 spell levels left.
You knew the following spells:

 Your Spells              Type           Power        Failure   Level  Hunger
a - Flame Tongue          Conj/Fire      #####        1%          1    None
b - Conjure Flame         Conj/Fire      ######..     1%          3    None
c - Sticky Flame          Conj/Fire      ######..     1%          4    ##.....
d - Fireball              Conj/Fire      ######....   2%          5    ####...

Your spell library contained the following spells:

 Spells                   Type           Power        Failure   Level  Hunger
 Throw Flame              Conj/Fire      ######       1%          2    None
 Throw Frost              Conj/Ice       ####..       1%          2    None
 Freeze                   Ice            ##..         6%          1    None
 Summon Ice Beast         Ice/Summ       ##......     52%         4    ##.....
 Ozocubu's Armour         Chrm/Ice       ##......     19%         3    None
 Throw Icicle             Conj/Ice       ####....     11%         4    ##.....
 Inner Flame              Hex/Fire       #####...     1%          3    None


Dungeon Overview and Level Annotations

Branches:
Dungeon (11/15)            Temple (0/1) D:6            Lair (0/6) D:11
    Orc (0/2) D:9


Innate Abilities, Weirdness & Mutations

You have an increased reservoir of magic. (+10% MP)


Message History

The tengu warrior is covered in liquid flames!
The tengu warrior burns!
The tengu warrior hits you with an uncursed great mace!!
* * * LOW HITPOINT WARNING * * *
The tengu warrior pecks you but does no damage.
The tengu warrior misses you.
Okay, then.
Okay, then.
You feel better.
The tengu warrior burns!
The tengu warrior hits you but does no damage.
The tengu warrior pecks you but does no damage.
The tengu warrior claws you.
* * * LOW HITPOINT WARNING * * *
As you read the scroll of teleportation, it crumbles to dust.
You feel strangely unstable.
The tengu warrior burns!
The tengu warrior burns!
The tengu warrior unwields an uncursed great mace.
The tengu warrior wields an uncursed longbow.
The tengu warrior shoots an arrow.
The arrow hits you!!
You die...

#### #..
###'##########
.............##
...........#..######
...........#....@..#
...###.........###Q#
...#{####...#### #§#
...##{ ##### ##§#
....# #§§## ....#
#§§§# ....## {
##§§§# ##'..# #.(#.#
#...# #s #..#.#


You could see a tengu warrior (burning).

Vanquished Creatures
  Harold (D:8)
  3 two-headed ogres
  Erica (D:10)
  The ghost of emiel the Thaumaturge, a journeyman SpVM of Sif Muna (D:10)
  A cyclops (D:11)
  3 trolls
  Prince Ribbit (D:7)
  A hippogriff (D:8)
  A wyvern (D:10)
  14 yaks
  4 hungry ghosts
  A hornet zombie (D:11)
  3 black bears
  2 ice beasts
  3 necrophages
  2 phantoms (D:9)
  4 sky beasts
  7 ogres
  7 centaurs
  3 big kobolds
  4 bullfrogs
  A gnoll sergeant (D:8)
  5 scorpions
  A troll zombie (D:9)
  9 killer bees
  Dowan (D:7)
  3 howler monkeys
  9 wights
  4 crimson imps
  2 bullfrog zombies
  3 centaur zombies
  2 quasits
  7 hounds
  4 jellies
  3 centaur skeletons
  An orc priest (D:6)
  3 orc wizards
  3 bullfrog skeletons
  An iguana (D:3)
  8 worker ants
  A killer bee zombie (D:9)
  5 ogre zombies (D:9)
  13 gnolls
  7 adders
  4 river rats (D:6)
  3 shadow imps
  An ooze (D:1)
  2 worms
  2 dart slugs
  7 leopard geckos
  20 orcs
  3 giant cockroaches
  3 goblins
  4 hobgoblins
  10 jackals
  19 kobolds
  2 quokkas (D:7)
  8 bats
  3 frilled lizards (D:1)
  A goblin skeleton (D:9)
  A goblin zombie (D:9)
  A hobgoblin skeleton (D:9)
  2 hobgoblin zombies (D:9)
  2 orc skeletons (D:9)
  12 orc zombies (D:9)
  3 quokka skeletons
  9 rats
285 creatures vanquished.

Vanquished Creatures (collateral kills)
  A centaur (D:10)
1 creature vanquished.

Vanquished Creatures (others)
  2 quokkas
2 creatures vanquished.

Grand Total: 288 creatures vanquished

Notes
Turn   | Place    | Note
-------+----------+-------------------------------------------
     0 | D:1      | torrenera the Demigod Fire Elementalist began the quest for the Orb.
     0 | D:1      | Reached XP level 1. HP: 14/14 MP: 5/5
   210 | D:1      | Reached skill level 3 in Fire Magic
   330 | D:1      | Reached XP level 2. HP: 20/20 MP: 4/7
   982 | D:2      | Reached XP level 3. HP: 26/26 MP: 5/8
  1127 | D:2      | Reached skill level 4 in Fire Magic
  1852 | D:3      | Noticed a necrophage
  1871 | D:3      | Learned a level 3 spell: Conjure Flame
  2075 | D:3      | Noticed a dagger
  2075 | D:3      | Noticed a dagger
  2076 | D:3      | Found a hide-covered altar of Uskayaw.
  2097 | D:3      | Reached XP level 4. HP: 30/33 MP: 4/9
  2123 | D:3      | Reached skill level 5 in Fire Magic
  2223 | D:3      | Killed a necrophage
  2223 | D:3      | Reached XP level 5. HP: 38/38 MP: 5/10
  2771 | D:4      | Noticed an ogre
  2839 | D:4      | Killed an ogre
  2839 | D:4      | Reached skill level 6 in Fire Magic
  3325 | D:4      | Reached XP level 6. HP: 45/45 MP: 4/11
  3378 | D:4      | Found an iron altar of Okawaru.
  3482 | D:4      | Found a white marble altar of Elyvilon.
  3495 | D:4      | Learned a level 4 spell: Sticky Flame
  3747 | D:5      | Entered Level 5 of the Dungeon
  4176 | D:5      | Reached skill level 7 in Fire Magic
  4835 | D:6      | Reached XP level 7. HP: 50/50 MP: 7/12
  4880 | D:6      | Reached skill level 8 in Fire Magic
  4920 | D:6      | Found a staircase to the Ecumenical Temple.
  5334 | D:6      | Reached skill level 9 in Fire Magic
  5679 | D:6      | Found a deep blue altar of Sif Muna.
  5977 | D:7      | Found a bloodstained altar of Trog.
  5994 | D:7      | Reached XP level 8. HP: 57/57 MP: 10/13
  6016 | D:7      | Noticed Dowan
  6027 | D:7      | Reached skill level 10 in Fire Magic
  6042 | D:7      | Killed Dowan
  6161 | D:7      | Found a large runed door.
  6225 | D:7      | Found a large runed door.
  6359 | D:7      | Found a large runed door.
  6360 | D:7      | Found a large runed door.
  6423 | D:7      | Found the +2 pair of boots of the Assassin {Detection Stab+ Stlth++}
  6586 | D:7      | Noticed Prince Ribbit
  6597 | D:7      | Killed Prince Ribbit
  6597 | D:7      | Reached skill level 11 in Fire Magic
  7029 | D:7      | Got a faintly glowing hand axe {chop}
  7064 | D:7      | Reached XP level 9. HP: 61/62 MP: 14/14
  7168 | D:8      | Found a snail-covered altar of Cheibriados.
  7232 | D:8      | Noticed Harold
  7237 | D:8      | Found an opulent altar of Gozag.
  7237 | D:8      | Found a sacrificial altar of Ru.
  7237 | D:8      | Found a hazy altar of Hepliaklqana.
  7237 | D:8      | Found a stormy altar of Qazlal.
  7280 | D:8      | Killed Harold
  7280 | D:8      | Reached skill level 12 in Fire Magic
  7394 | D:8      | Found an ornate altar of the Wu Jian Council.
  7394 | D:8      | Found a shadowy altar of Dithmenos.
  7574 | D:8      | Reached skill level 1 in Conjurations
  8204 | D:8      | Found a glowing silver altar of Zin.
  8274 | D:8      | Learned a level 5 spell: Fireball
  8651 | D:9      | Reached XP level 10. HP: 69/69 MP: 13/18
  9051 | D:9      | Noticed a two-headed ogre
  9070 | D:9      | Killed a two-headed ogre
  9192 | D:9      | Reached skill level 5 in Conjurations
  9201 | D:9      | Reached skill level 5 in Spellcasting
  9637 | D:9      | Identified the +3 hand axe "Roh Edoampeo" {chop, MP+9 Stlth+} (You took it off a kobold on level 7 of the Dungeon)
  9730 | D:9      | Found a staircase to the Orcish Mines.
 10416 | D:10     | Entered Level 10 of the Dungeon
 10648 | D:10     | Noticed a two-headed ogre
 10759 | D:10     | Killed a two-headed ogre
 10890 | D:10     | Found a large runed door.
 10891 | D:10     | Found a large runed door.
 10952 | D:10     | Reached XP level 11. HP: 68/74 MP: 9/25
 11061 | D:10     | Noticed emiel's ghost (journeyman SpVM)
 11077 | D:10     | Killed emiel's ghost
 11085 | D:10     | Noticed a deep elf mage
 11727 | D:10     | Noticed Erica
 11733 | D:10     | Killed Erica
 11986 | D:11     | Noticed a two-headed ogre
 11997 | D:11     | Killed a two-headed ogre
 12182 | D:11     | Found a frozen archway.
 12210 | D:11     | Found a staircase to the Lair.
 12321 | D:11     | Reached skill level 1 in Fighting
 12671 | D:11     | Noticed a tengu warrior
 12675 | D:11     | Noticed a centaur warrior
 12703 | D:11     | Shot with an arrow by a tengu warrior

Vault maps used:
D:1:      dpeg_arrival_tiny_j
D:3:      dancing_weapons_uskayaw, first_ration
D:4:      elyvilon_altar_4, okawaru_gym_becter
D:5:      serial_bayou, serial_bayou_ford_a, serial_bayou_crossing,
          serial_bayou_shore_a, serial_bayou_pond_d
D:6:      wad_woods_tower, led_sif_pool, minmay_temple_entry_mist
D:7:      basic_altar, grunt_decor_one_mirror, minmay_hollow_rounded_squares,
          uniq_duvessa, uniq_prince_ribbit1
D:8:      zin_academy, cheibriados_altar_1, minmay_overflow_temple_hex,
          uniq_harold
D:9:      zombieorc1_lemuel
D:10:     ebering_ghost_disaster_area, uniq_erica
D:11:     lair_entry_dummy, portal_ice_cave_entry_pillars_2, hangedman_ranch,
          minmay_pinched_square

Skill      XL: |  1  2  3  4  5  6  7  8  9 10 11 |
---------------+----------------------------------+-----
Fire Magic     | 3 4 5 6 7 9 11 12 | 12.7
Spellcasting   | 3 6 8 |  8.0
Conjurations   | 3 6 8 |  8.3
Fighting       | 3 |  3.7
Dodging        | |  1.7
Stealth        | |  1.7

Action                   |  1- 3 |  4- 6 |  7- 9 | 10-12 || total
-------------------------+-------+-------+-------+-------++-------
Melee: Unarmed           |     6 |       |       |       ||     6
       Dagger            |    40 |     9 |       |       ||    49
       Spear             |       |    79 |   211 |       ||   290
       Trident           |       |       |    45 |    80 ||   125
       Hand axe          |       |       |       |   111 ||   111
 Fire: Hunting sling     |    13 |    28 |    58 |       ||    99
Throw: Stone             |       |     4 |     8 |    11 ||    23
 Cast: Flame Tongue      |    54 |    20 |    44 |    60 ||   178
       Conjure Flame     |     2 |     6 |    23 |    13 ||    44
       Sticky Flame      |       |       |    29 |    73 ||   102
       Fireball          |       |       |       |    21 ||    21
Evoke: Wand              |       |     6 |     4 |     4 ||    14
       Phial of floods   |       |       |       |     1 ||     1
  Use: Scroll            |       |     4 |     9 |     8 ||    21
       Potion            |       |       |       |     3 ||     3
 Stab: Sleeping          |     3 |     3 |     9 |     7 ||    22
       Paralysed         |       |     8 |       |       ||     8
       Confused          |       |       |     1 |       ||     1
  Eat: Chunk             |     4 |     7 |    19 |    19 ||    49
       Ration            |       |     1 |     1 |     2 ||     4
Armor: Robe              |    28 |    13 |    78 |   123 ||   242
Dodge: Dodged            |    53 |    42 |   138 |   167 ||   400

Table legend:
 A = Spawn XP
 B = Non-spawn XP
 C = Spawn XP percentage of total XP
 D = Spawn monster count
 E = Non-spawn monster count
 F = Spawn count percentage of total count
 G = Total turns spent on level
                    A         B        C        D         E        F      G
               +---------+---------+-------+---------+---------+-------+---------
         Total |       0 |   20735 |   0.0 |       0 |     286 |   0.0 | 12703
               +---------+---------+-------+---------+---------+-------+---------
           D:1 |       0 |      32 |   0.0 |       0 |      16 |   0.0 |   672
           D:2 |       0 |      35 |   0.0 |       0 |      20 |   0.0 |  1091
           D:3 |       0 |     245 |   0.0 |       0 |      15 |   0.0 |   936
           D:4 |       0 |     175 |   0.0 |       0 |       7 |   0.0 |  1048
           D:5 |       0 |     287 |   0.0 |       0 |      18 |   0.0 |   878
           D:6 |       0 |     913 |   0.0 |       0 |      26 |   0.0 |  1350
           D:7 |       0 |    1806 |   0.0 |       0 |      39 |   0.0 |  1179
           D:8 |       0 |    2663 |   0.0 |       0 |      30 |   0.0 |  1398
           D:9 |       0 |    3620 |   0.0 |       0 |      48 |   0.0 |  1864
          D:10 |       0 |    6767 |   0.0 |       0 |      38 |   0.0 |  1476
          D:11 |       0 |    4192 |   0.0 |       0 |      29 |   0.0 |   811
               +---------+---------+-------+---------+---------+-------+---------
